 Dungeon Crawl Stone Soup version 0.29.1-2-gbd0b4ee654 (webtiles) character file.

Game seed: 948018529134645403

1301 xian the Skirmisher (level 8, -10/61 (62) HPs)
             Began as a Barachi Hunter on Nov 19, 2022.
             Was an Initiate of Gozag.
             Mangled by a komodo dragon (20 damage)
             ... on level 7 of the Dungeon.
             The game lasted 00:10:08 (4141 turns).

xian the Skirmisher (Barachi Hunter)                Turns: 4141, Time: 00:10:10

HP:   -10/61 (62)   AC:  4    Str: 14    XL:     8   Next: 57%
MP:   8/8           EV: 13    Int:  9    God:    Gozag
Gold: 575           SH:  0    Dex: 23    Spells: 7/7 levels left

rFire   . . .      SeeInvis .   D - +1 short sword (vamp)
rCold   . . .      Faith    .   (no shield)
rNeg    . . .      Spirit   .   c - +0 leather armour
rPois   +          Reflect  .   (no helmet)
rElec   .          Harm     .   (no cloak)
rCorr   .          Rampage  .   n - +0 pair of gloves
Will    .....                   (no boots)
Stlth   ++........              l - amulet of regeneration
HPRegen 1.00/turn               o - +6 ring of dexterity
MPRegen 0.11/turn               a - ring of poison resistance

@: gold aura, lightly drained, slow
A: amphibious, slowness 1, strong legs 1, +LOS
a: Hop, Renounce Religion, Potion Petition, Call Merchant, Bribe Branch


You were on level 7 of the Dungeon.
You worshipped Gozag.
Gozag was pleased with you.
You visited 1 branch of the dungeon, and saw 7 of its levels.

You collected 609 gold pieces.
You paid 34 gold pieces to Gozag.

Inventory:

Hand Weapons
 v - a +0 arbalest
 D - a +1 vampiric short sword (weapon)
Armour
 c - a +0 leather armour (worn)
 k - a +0 buckler
 n - a +0 pair of gloves (worn)
Jewellery
 a - a ring of poison resistance (right hand)
 l - an amulet of regeneration (around neck)
 o - a +6 ring of dexterity (left hand)
 w - a ring of fire
Scrolls
 b - a scroll of immolation
 d - 2 scrolls of magic mapping {unknown}
 e - 7 scrolls of teleportation
 g - 3 scrolls of identify {unknown}
 i - a scroll of silence {unknown}
 m - a scroll of vulnerability {unknown}
 p - a scroll of torment {unknown}
 q - 2 scrolls of noise {unknown}
 t - a scroll of enchant weapon {unknown}
 u - a scroll of enchant armour {unknown}
 x - a scroll of amnesia {unknown}
 y - a scroll of poison {unknown}
 C - 2 scrolls of brand weapon {unknown}
Potions
 f - 6 potions of curing
 j - 3 potions of might {unknown}
 r - a potion of attraction {unknown}
 s - 2 potions of flight {unknown}
 z - a potion of haste {unknown}
 A - a potion of ambrosia {unknown}
 B - a potion of berserk rage {unknown}


   Skills:
 + Level 5.3 Fighting
 + Level 8.9 Ranged Weapons
 + Level 4.0 Armour
 + Level 3.3 Dodging
 + Level 2.2 Stealth


You had 7 spell levels left.
You didn't know any spells.
Your spell library contained the following spells:

 Spells                   Type           Power      Damage    Failure   Level
 Summon Guardian Golem    Hex/Summ       0%         N/A       83%         3
 Orb of Destruction       Conj           0%         9d5       100%        7
 Spellforged Servitor     Conj/Summ      0%         N/A       100%        7


Dungeon Overview and Level Annotations

Branches:
Dungeon (6/15)             Temple (0/1) D:4

Altars:
Elyvilon
Gozag
Hepliaklqana
Ru
Sif Muna
Xom
Yredelemnul
The Shining One

Annotations:
D:4 1 runed translucent door, TheSexyCheese's ghost, amateur HOFi
D:5 2 transporters, hawla's ghost, novice MeIE


Innate Abilities, Weirdness & Mutations

You are amphibious.
You cover ground slowly.
You can hop short distances.
You have an extended range of vision and can be seen from far away.


Message History

You shoot a bolt. The bolt barely misses the orc.
The bolt hits the komodo dragon but does no damage.
The orc hits you but does no damage. The orc barely misses you.
Fire: v) +0 arbalest
Press: ? - help, Q - select action, (/) - cycle Shift-Dir - straight line, f/p - iguana
Aim: an iguana (69% to hit)
You shoot a bolt. The bolt barely misses the orc.
The bolt hits the komodo dragon!!
The komodo dragon is heavily wounded.
Unknown command.
Fire: v) +0 arbalest
Press: ? - help, Q - select action, (/) - cycle Shift-Dir - straight line, f/p - iguana
Aim: an iguana (69% to hit)
You shoot a bolt. The bolt hits the komodo dragon!!
The komodo dragon is almost dead.
The komodo dragon misses you.
Fire: v) +0 arbalest
Press: ? - help, Q - select action, (/) - cycle Shift-Dir - straight line, f/p - iguana
Aim: an iguana (69% to hit)
You shoot a bolt.
The bolt barely misses the komodo dragon.
The bolt barely misses the orc.
The bolt hits the iguana!!
You kill the iguana!
The komodo dragon bites you.
The komodo dragon completely misses you.
You feel a sense of dread.
D - a +1 vampiric short sword (weapon)
Unknown command.
You hit the komodo dragon.
You feel better.
The komodo dragon is almost dead.
The komodo dragon bites you!
* * * LOW HITPOINT WARNING * * *
Unknown command.
You hit the komodo dragon.
You feel better.
The komodo dragon is almost dead.
The komodo dragon bites you!
* * * LOW HITPOINT WARNING * * *
The komodo dragon bites you!!
You die...
Your body crumbles into a pile of gold.

##### ### ###...# l.
#.....# .#
##.#...#####.##
######...#...l......
#..@loh..#####.h....
#.####...# #.##.## #
##### #.# ... ...
#.# ... ... ..# .##
.$. ... .. #$# ####
.o ####.# ... .h
#...z# #.o.


You could see a komodo dragon, a hound and an orc.

Vanquished Creatures
  A wyvern (D:7)
  A water moccasin (D:7)
  A black bear (D:5)
  An ogre (D:5)
  A centaur (D:5)
  A kobold brigand (D:7)
  A necrophage (D:4)
  4 scorpions (D:5)
  2 wights (D:7)
  2 howler monkeys (D:7)
  2 hounds (D:5)
  A jelly (D:5)
  2 iguanas
  2 adders
  A dart slug (D:5)
  6 orcs
  8 ball pythons
  3 bats
  2 endoplasms (D:1)
  4 giant cockroaches
  4 goblins
  6 hobgoblins
  3 jackals (D:1)
  12 kobolds
  2 quokkas
  2 frilled lizards
  8 rats
83 creatures vanquished.

Vanquished Creatures (others)
  A hobgoblin (D:7)
1 creature vanquished.

Grand Total: 84 creatures vanquished

Notes
Turn   | Place    | Note
-------+----------+-------------------------------------------
     0 | D:1      | xian the Barachi Hunter began the quest for the Orb.
     0 | D:1      | Reached XP level 1. HP: 17/17 MP: 1/1
    62 | D:1      | Reached XP level 2. HP: 23/23 MP: 2/2
   438 | D:1      | Reached XP level 3. HP: 28/28 MP: 3/3
  1237 | D:2      | Found an opulent altar of Gozag.
  1254 | D:2      | Became a worshipper of Gozag Ym Sagoz the Greedy
  1671 | D:3      | Reached skill level 1 in Stealth
  1770 | D:3      | Found a white marble altar of Elyvilon.
  1970 | D:3      | Reached skill level 5 in Ranged Weapons
  2041 | D:3      | Found a glowing golden altar of the Shining One.
  2100 | D:3      | Reached XP level 4. HP: 35/35 MP: 4/4
  2207 | D:3      | Found a hazy altar of Hepliaklqana.
  2402 | D:4      | Reached skill level 1 in Armour
  2448 | D:4      | Found a shimmering blue altar of Sif Muna.
  2594 | D:4      | Found a runed translucent door.
  2598 | D:4      | Noticed TheSexyCheese's ghost (amateur HOFi)
  2624 | D:4      | Found a staircase to the Ecumenical Temple.
  2640 | D:4      | Noticed a necrophage
  2644 | D:4      | Killed a necrophage
  2645 | D:4      | Reached XP level 5. HP: 41/41 MP: 5/5
  2946 | D:5      | Entered Level 5 of the Dungeon
  2973 | D:5      | Noticed an ogre
  2976 | D:5      | Killed an ogre
  2977 | D:5      | Reached skill level 6 in Ranged Weapons
  2977 | D:5      | Reached XP level 6. HP: 47/47 MP: 6/6
  2978 | D:5      | Noticed a black bear
  2981 | D:5      | Killed a black bear
  3053 | D:5      | Found a transporter.
  3057 | D:5      | Noticed hawla's ghost (novice MeIE)
  3060 | D:5      | Found a transporter.
  3340 | D:5      | Reached skill level 7 in Ranged Weapons
  3340 | D:5      | Reached XP level 7. HP: 47/53 MP: 7/7
  3710 | D:5      | Found a basalt altar of Yredelemnul.
  3873 | D:6      | You fall into a shaft and drop 1 floor!
  3923 | D:7      | Found a shimmering altar of Xom.
  3935 | D:7      | Reached skill level 8 in Ranged Weapons
  3935 | D:7      | Reached XP level 8. HP: 49/61 MP: 8/8
  3955 | D:7      | Noticed a wyvern
  3966 | D:7      | Killed a wyvern
  3967 | D:7      | Reached skill level 5 in Fighting
  4115 | D:7      | Found a sacrificial altar of Ru.
  4119 | D:7      | Noticed a komodo dragon
  4141 | D:7      | Mangled by a komodo dragon

Illustrated notes

Levels and vault maps discovered:
D:1:      mrwooster_arrival_arrow, layout_basic
D:2:      layout_basic, basic_altar
D:3:      layout_loops_cross, elyvilon_altar_3, nzn_hepliaklqana_mist_gate,
          overflow_temple_1_default
D:4:      layout_loops_cross, mainiacjoe_overflow_24_doors,
          minmay_temple_entry_crystal_x, ebering_ghost_sewer_d
D:5:      layout_basic, marbit_many_paths, gammafunk_ghost_mausoleum
D:6:      layout_rooms, ashenzari_altar_1, enter_ossuary_2
D:7:      layout_loops_cross, nicolae_ru_great_annihilating_truth,
          mainiacjoe_overflow_cross_hatched

Skill      XL: |  1  2  3  4  5  6  7  8 |
---------------+-------------------------+-----
Stealth        | 1 2 |  2.2
Ranged Weapons | 5 6 7 8 |  8.9
Fighting       | 3 4 5 |  5.3
Armour         | 1 2 3 4 |  4.0
Dodging        | 3 |  3.3

Action                   |  1- 3 |  4- 6 |  7- 9 || total
-------------------------+-------+-------+-------++-------
Melee: Short sword       |       |       |     2 ||     2
 Fire: Shortbow          |    71 |       |       ||    71
       Arbalest          |    15 |    40 |    71 ||   126
 Abil: Hop               |       |       |     1 ||     1
  Use: Scroll            |     1 |       |     1 ||     2
       Potion            |       |       |     1 ||     1
Armor: Leather armour    |     8 |     3 |     9 ||    20
Dodge: Dodged            |    14 |     8 |    47 ||    69
